 Dungeon Crawl Stone Soup version 0.29.1-13-g9f3cf754e1 (webtiles) character file.

Game seed: 11522677461016999409

35 cdecastro the Sneak (level 3, 0/21 HPs)
             Began as a Kobold Brigand on Jan 19, 2023.
             Slain by a worm (6 damage)
             ... on level 2 of the Dungeon.
             The game lasted 00:02:06 (1353 turns).

cdecastro the Sneak (Kobold Brigand)                Turns: 1353, Time: 00:02:07

Health: 0/21       AC:  4    Str:  8    XL:     3   Next: 55%
Magic:  3/3        EV: 13    Int: 20    God:
Gold:   101        SH:  0    Dex: 16    Spells: 2/2 levels left

rFire   . . .      SeeInvis .   a - +2 dagger
rCold   . . .      Faith    .   (no shield)
rNeg    . . .      Spirit   .   k - +0 leather armour
rPois   .          Reflect  .   (no helmet)
rElec   .          Harm     .   c - +0 cloak
rCorr   .          Rampage  .   (no gloves)
Will    .....                   (no boots)
Stlth   ++++......              (no amulet)
HPRegen 0.07/turn               g - +6 ring of intelligence
MPRegen 0.08/turn               (no ring)

@: no status effects
A: small, no large weapons, nightstalker 3
a: no special abilities


You were on level 2 of the Dungeon.
You visited 1 branch of the dungeon, and saw 2 of its levels.

You collected 101 gold pieces.

Inventory:

Hand Weapons
 a - a +2 dagger (weapon)
Missiles
 d - 9 poisoned darts (quivered)
 e - 3 curare-tipped darts
 h - 3 boomerangs
Armour
 b - a +0 robe
 c - a +0 cloak (worn)
 k - a +0 leather armour (worn)
Jewellery
 g - a +6 ring of intelligence (left hand)
Scrolls
 j - a scroll of brand weapon {unknown}
 l - a scroll of identify {unknown}
Potions
 f - a potion of ambrosia {unknown}
 i - a potion of mutation {unknown}


   Skills:
 - Level 2.1 Fighting
 * Level 4.3 Short Blades
 - Level 2.1 Throwing
 - Level 1.2 Dodging
 + Level 5.9 Stealth


You had 2 spell levels left.
You didn't know any spells.
Your spell library contained the following spells:

 Spells                   Type           Power      Damage    Failure   Level
 Dispersal                Tloc           0%         N/A       100%        6
 Disjunction              Tloc           0%         N/A       100%        8


Dungeon Overview and Level Annotations

Branches:
Dungeon (2/15)

Altars:


Innate Abilities, Weirdness & Mutations

You are small and have problems with some larger weapons.
You are completely attuned to the shadows.


Message History

Found a stone staircase leading down.
A bat comes into view.
A bat is nearby!
A bat is nearby!
A worm comes into view.
You hit the bat.
You kill the bat!
You hit the worm.
The worm is moderately wounded.
The worm bites you but does no damage.
You completely miss the worm.
The worm is lightly wounded.
You hit the worm.
The worm is moderately wounded.
The worm bites you!
You are too injured to fight recklessly!
You are too injured to fight recklessly!
You hit the worm but do no damage.
The worm is moderately wounded.
You hit the worm.
The worm is moderately wounded.
The worm closely misses you.
You hit the worm.
The worm is heavily wounded.
You hit the worm but do no damage.
The worm is heavily wounded.
The worm bites you.
* * * LOW HITPOINT WARNING * * *
You barely miss the worm.
The worm is heavily wounded.
You hit the worm.
The worm is heavily wounded.
The worm bites you.
* * * LOW HITPOINT WARNING * * *
You hit the worm.
The worm is severely wounded.
You hit the worm.
The worm is almost dead.
The worm bites you.
You die...

...######...##.##..#
##..............)...
#.#..
##.#.###......##..#
#.#.. #..........#.##
.# #.#..
###.##....†...#.##
#.#..
####.###....#.....
####....
#.......#...#..#.#
#....#..
#.....).#......#.###
#....###
##.......#......@w...
#....###
................#.###
####....#..
#........#.#.#.>....
........#.#
#.########.#.#.##.###
####.#### #.# #.#....
.# #.# ... #.#.#. #.#
#.# # #.#.#
...###.#.#


You could see a worm.

Vanquished Creatures
  5 bats
  2 endoplasms (D:1)
  4 giant cockroaches
  3 goblins
  A hobgoblin (D:1)
  2 jackals (D:1)
  A quokka (D:1)
  5 ball pythons
  2 frilled lizards
  3 kobolds
  5 rats
33 creatures vanquished.

Notes
Turn   | Place    | Note
-------+----------+-------------------------------------------
     0 | D:1      | cdecastro the Kobold Brigand began the quest for the Orb.
     0 | D:1      | Reached XP level 1. HP: 12/12 MP: 1/1
   139 | D:1      | Found a faded altar of an unknown god.
   189 | D:1      | Reached XP level 2. HP: 13/17 MP: 2/2
   612 | D:1      | Reached XP level 3. HP: 21/21 MP: 3/3
  1353 | D:2      | Slain by a worm

Illustrated notes

Levels and vault maps discovered:
D:1:      co_arrival_random_square_maze, layout_basic,
          hellmonk_ecumenical_altar_run_dry, serial_bayou_lagoon_a,
          minivault_26, nicolae_titane
D:2:      layout_basic, minmay_surrounded

Skill      XL: |  1  2  3 |
---------------+----------+-----
Short Blades   | 3 4 |  4.3
Fighting       | |  2.1
Throwing       | |  2.1
Dodging        | |  1.2
Stealth        | |  5.9

Action                   || total
-------------------------++-------
Melee: Dagger            ||    65
 Stab: Sleeping          ||    21
Armor: Robe              ||     4
       Leather armour    ||     4
Dodge: Dodged            ||    20
